 Dungeon Crawl Stone Soup version 0.22-a0-271-gc000056 (webtiles) character file.

391 tidbits the Firebug (level 6, -12/44 HPs)
             Began as a Gnoll Fire Elementalist on Mar 11, 2018.
             Mangled by Joseph
             ... wielding a +3 quarterstaff of holy wrath
              (17 damage)
             ... on level 7 of the Dungeon.
             The game lasted 00:07:50 (832 turns).

tidbits the Firebug (Gnoll Fire Elementalist)        Turns: 832, Time: 00:07:50

Health: -12/44     AC:  3    Str: 15    XL:     6   Next: 80%
Magic:  7/14       EV: 15    Int: 20    God:
Gold:   98         SH:  0    Dex: 15    Spells: 5/15 levels left

rFire    + . .     SeeInvis .   a - +2 dagger (venom)
rCold    x . .     Gourm    .   (no shield)
rNeg     + . .     Faith    .   B - +1 robe {rN+}
rPois    .         Spirit   .   (no helmet)
rElec    .         Reflect  .   (no cloak)
rCorr    .         Harm     .   (no gloves)
MR       .....                  (no boots)
Stlth    +++.......             (no amulet)
HPRegen  0.14/turn              b - ring of fire
MPRegen  0.14/turn              (no ring)

@: mighty, flying, very slightly contaminated
A: distributed training, fangs 1, strong nose
a: no special abilities


You were on level 7 of the Dungeon.
You were not hungry.

You visited 1 branch of the dungeon, and saw 7 of its levels.

You collected 98 gold pieces.

Inventory:

Hand Weapons
 a - a +2 dagger of venom (weapon)
   (You took it off a goblin on level 2 of the Dungeon)
Missiles
 l - 7 tomahawks of returning (quivered)
Armour
 g - a +0 robe
 m - the +4 chain mail "Kehoamur" {MR++ Str+2}
   (You found it on level 4 of the Dungeon)

   It affects your strength (+2).
   It affects your resistance to hostile enchantments.
 B - a +1 robe of positive energy (worn)
   (You found it on level 3 of the Dungeon)
Jewellery
 b - a ring of fire (left hand)
   (You found it on level 1 of the Dungeon)
Scrolls
 d - 5 scrolls of teleportation
 i - a scroll of amnesia
 j - a scroll of immolation
 n - a scroll of fear {unknown}
Potions
 e - a potion of resistance
 k - a potion of berserk rage
Comestibles
 c - 3 rations


   Skills:
 + Level 2.1 Fighting
 + Level 2.1 Short Blades
 + Level 2.1 Long Blades
 + Level 2.1 Axes
 + Level 2.1 Maces & Flails
 + Level 2.1 Polearms
 + Level 2.1 Staves
 + Level 2.1 Slings
 + Level 2.1 Bows
 + Level 2.1 Crossbows
 + Level 2.1 Throwing
 + Level 2.1 Armour
 + Level 5.0 Dodging
 + Level 4.6 Stealth
 + Level 2.1 Shields
 + Level 2.1 Unarmed Combat
 + Level 5.4 Spellcasting
 + Level 2.7 Conjurations
 + Level 1.6 Hexes
 + Level 1.6 Charms
 + Level 1.6 Summonings
 + Level 1.6 Necromancy
 + Level 1.6 Translocations
 + Level 1.6 Transmutations
 + Level 5.7 Fire Magic
 + Level 1.6 Ice Magic
 + Level 1.6 Air Magic
 + Level 1.6 Earth Magic
 + Level 1.6 Poison Magic
 + Level 2.3 Invocations
 + Level 2.1 Evocations


You had 5 spell levels left.
You knew the following spells:

 Your Spells              Type           Power        Failure   Level  Hunger
a - Flame Tongue          Conj/Fire      ####.        1%          1    None
c - Conjure Flame         Conj/Fire      ####....     6%          3    ##.....
j - Throw Flame           Conj/Fire      ####..       3%          2    None
t - Sticky Flame          Conj/Fire      ####....     19%         4    ####...


Dungeon Overview and Level Annotations

Branches:
Dungeon (7/15)
 Temple: D:4-7

Altars:
Elyvilon

Shops:
D:6 (

Annotations:
D:5 2 transporters
D:7 Joseph


Innate Abilities, Weirdness & Mutations

Your experience applies equally to all skills.
You have very sharp teeth.
Your uncanny sense of smell can sniff out nearby items.


Message History

Aim: a worker ant (heavily wounded, poisoned)
You feel a surge of power!
The flame tongue hits the worker ant.
You kill the worker ant!
Your Dodging skill increases to level 5!
Found a ration and a short lead wand.
A leopard gecko comes into view.
A worker ant comes into view.
The worker ant twitches its antennae in your direction.
The worker ant moves out of view.
Joseph, a Mercenary comes into view.
He is wielding a quarterstaff of holy wrath.
Joseph shouts!
You hear a shout!
Joseph unwields an uncursed quarterstaff of holy wrath.
It stops glowing.
Joseph wields a hunting sling.
Joseph shoots a sling bullet.
The sling bullet hits you!
An orc wizard comes into view. It is wielding a dagger.
Found a robe.
Joseph shoots a sling bullet.
The sling bullet misses you.
You see here a sling bullet.
You hit the worker ant but do no damage.
The phantom blinks!
The worker ant closely misses you.
You hit the worker ant.
The worker ant is poisoned.
The worker ant is lightly wounded.
The worker ant barely misses you.
A water moccasin zombie comes into view.
Unknown command.
The helpless water moccasin zombie fails to defend itself.
You impale the water moccasin zombie!!
The water moccasin zombie is heavily damaged.
The worker ant barely misses you. The water moccasin zombie misses you.
Your magical contamination has completely faded away.
Casting: Flame Tongue (safe; 1% risk of failure)
Confirm with . or Enter, or press ? or * to list all spells.
Aiming: Sticky Flame (slightly dangerous; 21% risk of failure)
Press: ? - help, Shift-Dir - straight line, f - water moccasin zombie
Aim: a water moccasin zombie (heavily damaged)
You feel a surge of power!
The sticky flame hits the water moccasin zombie.
The water moccasin zombie is severely damaged.
The water moccasin zombie is covered in liquid flames!
The water moccasin zombie burns!
The worker ant bites you but does no damage.
The water moccasin zombie barely misses you.
The worker ant barely misses you.
The water moccasin zombie barely misses you.
Unknown command.
You hit the water moccasin zombie.
Your bite misses the water moccasin zombie.
The water moccasin zombie is severely damaged.
You kill the worker ant!
Your Fighting skill increases to level 2!
Your Short Blades skill increases to level 2!
Your Long Blades skill increases to level 2!
Your Axes skill increases to level 2!
Your Maces & Flails skill increases to level 2!
Your Polearms skill increases to level 2!
Your Staves skill increases to level 2!
Your Slings skill increases to level 2!
Your Bows skill increases to level 2!
Your Crossbows skill increases to level 2!
Your Throwing skill increases to level 2!
Your Armour skill increases to level 2!
Your Shields skill increases to level 2!
Your Unarmed Combat skill increases to level 2!
Your Evocations skill increases to level 2!
The water moccasin zombie burns!
The water moccasin zombie misses you.
Joseph shoots a sling bullet.
The sling bullet hits you.
* * * LOW HITPOINT WARNING * * *
You hit the water moccasin zombie but do no damage.
You punch the water moccasin zombie, but do no damage.
The water moccasin zombie is almost destroyed.
The water moccasin zombie burns!
The water moccasin zombie bites you.
* * * LOW HITPOINT WARNING * * *
You barely miss the water moccasin zombie.
The water moccasin zombie is almost destroyed.
The water moccasin zombie burns!
You destroy the water moccasin zombie!
Joseph shoots a sling bullet.
The sling bullet hits you!
* * * LOW HITPOINT WARNING * * *
Unknown command.
Okay, then.
Unknown command.
It was a potion of might.
You feel very mighty all of a sudden.
It was a potion of flight.
You feel very buoyant.
You fly up into the air.
Casting: Sticky Flame (slightly dangerous; 19% risk of failure)
Confirm with . or Enter, or press ? or * to list all spells.
Aiming: Sticky Flame (slightly dangerous; 19% risk of failure)
Press: ? - help, Shift-Dir - straight line, f - Joseph
Aim: Joseph, wielding a hunting sling and wearing a ring mail You feel a surge of power!
You miscast Sticky Flame.
You are very lightly contaminated with residual magic.
Lukewarm flames ripple over your body.
Joseph unwields an uncursed hunting sling.
Joseph wields an uncursed quarterstaff of holy wrath.
It softly glows with a divine radiance!
Joseph barely misses you.
You barely miss Joseph.
Joseph hits you with an uncursed quarterstaff of holy wrath!
You die...

.......@........ .....+
..##..#.a....#.# .....#
...............# #.....#
..####...##..####.....##
#.............+......#
....##....#..####......#
... ##...#.W@..W......#
.. ###..##.####@#####.
.∆ #....##.##<#@#
#.#........#.#
#.#.###.#..#+#
.....#........
..###.#....#..... ..
.#...##...... ... ..#.##
...... ..... .....#
##.#.# #...#


You could see Joseph and a phantom.

Vanquished Creatures
  A phantom (D:4)
  A water moccasin zombie (D:7)
  2 hounds
  2 orc priests
  3 worker ants
  An adder (D:2)
  A shadow imp (D:6)
  An adder skeleton (D:5)
  3 worms
  7 orcs
  3 giant cockroaches
  3 goblins
  A jackal (D:2)
  7 bats
  A frilled lizard (D:2)
  3 kobolds (D:3)
  4 rats
44 creatures vanquished.

Notes
Turn   | Place    | Note
-------+----------+-------------------------------------------
     0 | D:1      | tidbits the Gnoll Fire Elementalist began the quest for the Orb.
     0 | D:1      | Reached XP level 1. HP: 13/13 MP: 6/6
   124 | D:2      | Reached skill level 2 in Conjurations
   202 | D:2      | Reached XP level 2. HP: 15/20 MP: 3/7
   206 | D:2      | Learned a level 2 spell: Throw Flame
   305 | D:3      | Reached XP level 3. HP: 25/25 MP: 5/9
   310 | D:3      | Learned a level 3 spell: Conjure Flame
   326 | D:3      | Reached skill level 5 in Spellcasting
   408 | D:4      | Noticed a phantom
   410 | D:4      | Got a distressingly furry chain mail
   429 | D:4      | Reached skill level 1 in Fighting
   429 | D:4      | Reached skill level 1 in Short Blades
   429 | D:4      | Reached skill level 1 in Long Blades
   429 | D:4      | Reached skill level 1 in Axes
   429 | D:4      | Reached skill level 1 in Maces & Flails
   429 | D:4      | Reached skill level 1 in Polearms
   429 | D:4      | Reached skill level 1 in Staves
   429 | D:4      | Reached skill level 1 in Slings
   429 | D:4      | Reached skill level 1 in Bows
   429 | D:4      | Reached skill level 1 in Crossbows
   429 | D:4      | Reached skill level 1 in Throwing
   429 | D:4      | Reached skill level 1 in Armour
   429 | D:4      | Reached skill level 1 in Shields
   429 | D:4      | Reached skill level 1 in Unarmed Combat
   429 | D:4      | Reached skill level 1 in Invocations
   429 | D:4      | Reached skill level 1 in Evocations
   429 | D:4      | Reached XP level 4. HP: 25/32 MP: 0/11
   457 | D:4      | Killed a phantom
   457 | D:4      | Reached skill level 1 in Hexes
   457 | D:4      | Reached skill level 1 in Charms
   457 | D:4      | Reached skill level 1 in Summonings
   457 | D:4      | Reached skill level 1 in Necromancy
   457 | D:4      | Reached skill level 1 in Translocations
   457 | D:4      | Reached skill level 1 in Transmutations
   457 | D:4      | Reached skill level 1 in Ice Magic
   457 | D:4      | Reached skill level 1 in Air Magic
   457 | D:4      | Reached skill level 1 in Earth Magic
   457 | D:4      | Reached skill level 1 in Poison Magic
   457 | D:4      | Reached XP level 5. HP: 27/37 MP: 0/12
   544 | D:4      | Identified the +4 chain mail "Kehoamur" {MR++ Str+2} (You found it on level 4 of the Dungeon)
   549 | D:5      | Entered Level 5 of the Dungeon
   598 | D:5      | Reached XP level 6. HP: 42/44 MP: 11/13
   604 | D:5      | Learned a level 4 spell: Sticky Flame
   634 | D:5      | Noticed a sky beast
   637 | D:5      | Found a transporter.
   637 | D:5      | Found a transporter.
   639 | D:5      | Noticed a troll
   641 | D:5      | Found a white marble altar of Elyvilon.
   645 | D:5      | Noticed a phantom
   652 | D:6      | Reached skill level 2 in Invocations
   765 | D:6      | Found Dilolioch's Weapon Emporium.
   797 | D:7      | Noticed a phantom
   804 | D:7      | Reached skill level 5 in Dodging
   811 | D:7      | Noticed Joseph
   825 | D:7      | Reached skill level 2 in Fighting
   825 | D:7      | Reached skill level 2 in Short Blades
   825 | D:7      | Reached skill level 2 in Long Blades
   825 | D:7      | Reached skill level 2 in Axes
   825 | D:7      | Reached skill level 2 in Maces & Flails
   825 | D:7      | Reached skill level 2 in Polearms
   825 | D:7      | Reached skill level 2 in Staves
   825 | D:7      | Reached skill level 2 in Slings
   825 | D:7      | Reached skill level 2 in Bows
   825 | D:7      | Reached skill level 2 in Crossbows
   825 | D:7      | Reached skill level 2 in Throwing
   825 | D:7      | Reached skill level 2 in Armour
   825 | D:7      | Reached skill level 2 in Shields
   825 | D:7      | Reached skill level 2 in Unarmed Combat
   825 | D:7      | Reached skill level 2 in Evocations
   827 | D:7      | HP: 4/44 [Joseph/sling bullet (13)]
   832 | D:7      | Mangled by Joseph

Vault maps used:
D:1:      lemuel_arrival_rhombus, okawaru_ov_weapons_minmay
D:2:      fedhas_altar_1, chequers_ecumenical_altar_lobes
D:3:      overflow_temple_1_default, lemuel_coloured_pillars_altar,
          minmay_misc_feat_more_columns
D:4:      kennysheep_mini_moat, serial_shops, nicolae_shop_trees,
          ashenzari_altar_1
D:5:      gammafunk_temple_overflow_arena, temple_doors_e, first_ration
D:6:      serial_shops, kennysheep_little_box, cheibrodos_sewer_entry_drain,
          uniq_blork_the_orc, uniq_sigmund
D:7:      lemuel_round_altar, hangedman_decor_slide_cut, uniq_joseph

Skill      XL: |  1  2  3  4  5  6 |
---------------+-------------------+-----
Conjurations   | 2 |  2.7
Spellcasting   | 5 |  5.4
Fighting       | 1 2 |  2.1
Short Blades   | 1 2 |  2.1
Long Blades    | 1 2 |  2.1
Axes           | 1 2 |  2.1
Maces & Flails | 1 2 |  2.1
Polearms       | 1 2 |  2.1
Staves         | 1 2 |  2.1
Slings         | 1 2 |  2.1
Bows           | 1 2 |  2.1
Crossbows      | 1 2 |  2.1
Throwing       | 1 2 |  2.1
Armour         | 1 2 |  2.1
Shields        | 1 2 |  2.1
Unarmed Combat | 1 2 |  2.1
Invocations    | 1 2 |  2.3
Evocations     | 1 2 |  2.1
Hexes          | 1 |  1.6
Charms         | 1 |  1.6
Summonings     | 1 |  1.6
Necromancy     | 1 |  1.6
Translocations | 1 |  1.6
Transmutations | 1 |  1.6
Ice Magic      | 1 |  1.6
Air Magic      | 1 |  1.6
Earth Magic    | 1 |  1.6
Poison Magic   | 1 |  1.6
Dodging        | 5 |  5.0
Stealth        | |  4.6
Fire Magic     | |  5.7

Action                   |  1- 3 |  4- 6 || total
-------------------------+-------+-------++-------
Melee: Unarmed           |     4 |       ||     4
       Bite              |     2 |     2 ||     4
       Dagger            |     9 |    41 ||    50
       Punch             |       |     1 ||     1
Throw: Tomahawk          |       |     1 ||     1
 Cast: Flame Tongue      |    37 |    14 ||    51
       Sticky Flame      |       |     2 ||     2
  Use: Scroll            |     1 |     4 ||     5
       Potion            |       |     6 ||     6
 Stab: Sleeping          |     4 |     6 ||    10
       Invisible         |       |     1 ||     1
Armor: Robe              |     5 |     3 ||     8
Dodge: Dodged            |    25 |    24 ||    49

Table legend:
 A = Spawn XP
 B = Non-spawn XP
 C = Spawn XP percentage of total XP
 D = Spawn monster count
 E = Non-spawn monster count
 F = Spawn count percentage of total count
 G = Total turns spent on level
                    A         B        C        D         E        F      G
               +---------+---------+-------+---------+---------+-------+---------
         Total |       0 |     559 |   0.0 |       0 |      44 |   0.0 |   832
               +---------+---------+-------+---------+---------+-------+---------
           D:1 |       0 |       5 |   0.0 |       0 |       3 |   0.0 |   106
           D:2 |       0 |      27 |   0.0 |       0 |      10 |   0.0 |   191
           D:3 |       0 |      75 |   0.0 |       0 |      16 |   0.0 |   157
           D:4 |       0 |     170 |   0.0 |       0 |       4 |   0.0 |    95
           D:5 |       0 |      47 |   0.0 |       0 |       2 |   0.0 |   103
           D:6 |       0 |      95 |   0.0 |       0 |       6 |   0.0 |   144
           D:7 |       0 |     140 |   0.0 |       0 |       3 |   0.0 |    36
               +---------+---------+-------+---------+---------+-------+---------

Table legend:
 A = Turns spent in this place as a percentage of turns spent in the entire game.
 B = Non-inter-level travel turns spent in this place as a percentage of non-inter-level travel turns spent in the entire game.
 C = Inter-level travel turns spent in this place as a percentage of turns spent in this place.
 D = Turns resting spent in this place as a percentage of non-inter-level travel turns spent in this place.
 E = Turns spent auto-exploring this place as a percentage of non-inter-level travel turns spent in this place.
 F = Non-inter-level travel turns spent in this place divided by the number of levels of this place that you've seen.
                   A       B       C       D       E      F
               +-------+-------+-------+-------+-------+----------------------
         Total | 100.0 | 100.0 |   3.2 |   0.0 |   0.0 | 115.0
       Dungeon | 100.0 | 100.0 |   3.2 |   0.0 |   0.0 | 115.0
               +-------+-------+-------+-------+-------+----------------------

Table legend:
 A = Kills in this place as a percentage of kills in entire the game.
 B = Kills by you in this place as a percentage of kills by you in the entire game.
 C = Kills by friends in this place as a percentage of kills by friends in the entire game.
 D = Other kills in this place as a percentage of other kills in the entire game.
 E = Experience gained in this place as a percentage of experience gained in the entire game.
 F = Experience gained in this place divided by the number of levels of this place that you have seen.
                   A       B       C       D       E      F
               +-------+-------+-------+-------+-------+----------------------
         Total | 100.0 | 100.0 |   N/A |   N/A | 100.0 |  79.9
       Dungeon | 100.0 | 100.0 |   N/A |   N/A | 100.0 |  79.9
               +-------+-------+-------+-------+-------+----------------------

Vault maps used:
D:1:      lemuel_arrival_rhombus, okawaru_ov_weapons_minmay
D:2:      fedhas_altar_1, chequers_ecumenical_altar_lobes
D:3:      overflow_temple_1_default, lemuel_coloured_pillars_altar,
          minmay_misc_feat_more_columns
D:4:      kennysheep_mini_moat, serial_shops, nicolae_shop_trees,
          ashenzari_altar_1
D:5:      gammafunk_temple_overflow_arena, temple_doors_e, first_ration
D:6:      serial_shops, kennysheep_little_box, cheibrodos_sewer_entry_drain,
          uniq_blork_the_orc, uniq_sigmund
D:7:      lemuel_round_altar, hangedman_decor_slide_cut, uniq_joseph
